Map: 로스트 앤 파운드 - 래더

Players

GOStephano (Stephano) - Winner!

  • Race: Zerg Zerg
  • League: Master
  • Spawn Location: 7:00

Zest

  • Race: Protoss Protoss
  • League: Master
  • Spawn Location: 1:00

Event: HomeStory Cup XVII

VOD

Have the link to the VOD?

Description

Time

  • Played on: June 28, 2018, 10:31 a.m.
  • Length: 17:46

All games in this series

Show
View Real Time Build Order
Export as new Build Order

GOStephano Zerg - Winner!

Build Orders: Hatch First 

Get SALT Encoding   

  12  0:01  Drone  
  13  0:13  Overlord  
  13  0:17  Drone  
  14  0:31  Drone x2  
  16  0:47  Hatchery  
  15  0:51  Drone  
  15  0:54  Drone  
  17  0:57  Drone  
  18  1:08  Extractor  
  17  1:13  Spawning Pool  
  17  1:16  Drone  
  17  1:20  Drone  
  18  1:29  Drone  
  19  1:39  Drone  
  20  1:49  Drone  
  21  2:00  Queen x2  
  21  2:01  Overlord  
  25  2:02  Zergling x2  
  26  2:10  Drone  
  26  2:13  Metabolic Boost, Drone  
  28  2:21  Drone  
  29  2:24  Drone  
  30  2:33  Hatchery  
  29  2:39  Queen  
  29  2:43  Zergling x2  
  33  2:44  Drone  
  33  2:46  Drone  
  33  2:49  Drone  
  35  2:57  Drone  
  36  3:03  Overlord  
  36  3:10  Overlord  
  36  3:12  Overlord  
  36  3:25  Evolution Chamber  
  36  3:26  Spore Crawler  
  36  3:27  Drone x2  
  36  3:28  Drone  
  36  3:29  Drone x3  
  36  3:30  Queen  
  42  3:38  Drone x2  
  42  3:40  Drone x3  
  47  3:47  Drone x4  
  51  3:52  Spore Crawler  
  51  3:54  Zerg Melee Weapons Level 1  
  50  3:58  Drone x2  
  50  4:01  Overlord  
  52  4:05  Drone x2  
  54  4:11  Drone x3  
  54  4:14  Spore Crawler  
  56  4:21  Spore Crawler  
  56  4:22  Drone x5  
  59  4:27  Lair  
  59  4:31  Overlord  
  60  4:35  Overlord  
  60  4:38  Queen, Extractor  
  60  4:39  Extractor  
  60  4:40  Overlord  
  60  4:41  Queen  
  62  4:50  Zergling x8  
  62  4:51  Zergling x4  
  68  5:01  Spine Crawler, Zergling x10  
  68  5:04  Zergling x2  
  73  5:09  Zergling x2  
  73  5:10  Zergling x6  
  77  5:14  Queen, Zergling x2  
  80  5:22  Zergling x6  
  83  5:31  Zergling x14  
  83  5:33  Overlord  
  83  5:35  Hydralisk Den  
  87  5:43  Zergling x4  
  87  5:48  Overlord  
  87  5:53  Zergling x10  
  88  6:01  Zergling x8  
  88  6:10  Zergling x10  
  91  6:18  Hatchery  
  83  6:24  Hydralisk x6, Muscular Augments  
  93  6:34  Hydralisk  
  93  6:35  Hydralisk x4  
  99  6:45  Hydralisk x3  
  105  6:49  Drone  
  105  6:51  Overlord  
  105  6:53  Overlord  
  105  6:54  Drone x2  
  106  6:56  Drone  
  105  7:01  Overlord x2  
  105  7:12  Hydralisk  
  105  7:15  Drone x8  
  115  7:19  Overseer  
  115  7:22  Baneling Nest  
  109  7:31  Drone x4  
  109  7:32  Hydralisk x2  
  109  7:35  Grooved Spines  
  116  7:40  Hydralisk x3  
  122  7:50  Zergling x2  
  122  7:51  Zergling x14, Extractor  
  129  7:52  Extractor  
  129  7:54  Zergling x6  
  131  7:59  Zergling x4  
  131  8:02  Hydralisk  
  136  8:09  Baneling x4  
  136  8:10  Baneling x2  
  129  8:13  Zergling x16  
  135  8:26  Hydralisk x3  
  129  8:37  Zergling x2  
  121  8:45  Hydralisk  
  121  8:46  Hydralisk x2  
  114  8:48  Zergling x2  
  114  8:49  Zergling x6  
  119  8:55  Zergling x2  
  119  9:07  Extractor  
  119  9:09  Zerg Melee Weapons Level 2  
  118  9:10  Zergling x6  
  118  9:11  Zergling x4  
  118  9:12  Hatchery  
  122  9:21  Hatchery  
  121  9:31  Drone x10  
  130  9:32  Centrifical Hooks  
  130  9:44  Overlord x3  
  130  9:52  Overlord  
  130  10:03  Hydralisk  
  130  10:05  Zergling x20  
  139  10:10  Zergling x2  
  136  10:19  Zergling x2  
  136  10:20  Zergling x10  
  136  10:21  Baneling x9  
  143  10:28  Zergling x12  
  146  10:41  Zergling x12  
  149  10:46  Zergling x12  
  154  10:50  Baneling  
  154  10:51  Baneling x10  
  154  10:54  Zergling x8  
  153  10:59  Hydralisk x3  
  153  11:02  Zergling x2  
  153  11:03  Zergling x4  
  154  11:09  Hydralisk x2  
  151  11:17  Zergling x10  
  145  11:26  Hydralisk x3  
  151  11:34  Zerg Missile Weapons Level 1  
  151  11:38  Zergling x8  
  155  11:42  Overlord x2  
  155  11:43  Overlord  
  155  11:44  Baneling  
  155  11:45  Baneling x10  
  155  11:50  Zergling x12  
  161  11:55  Overseer  
  161  11:58  Zergling x8  
  165  12:08  Zergling x28  
  170  12:10  Baneling  
  170  12:11  Baneling x6  
  179  12:18  Zergling x6  
  179  12:29  Zergling x10  
  178  12:36  Zergling x2  
  178  12:37  Zergling x22  
  179  12:38  Baneling x7  
  179  12:40  Zergling x2  
  179  12:41  Zergling x2  
  177  12:45  Zergling x6  
  177  12:50  Zergling x8  
  172  12:58  Hydralisk  
  172  12:59  Hydralisk x3  
  168  13:09  Hydralisk x4  
  126  13:14  Hydralisk x2  
  126  13:17  Hydralisk  
  126  13:19  Zergling x6  
  111  13:28  Hydralisk x4  
  111  13:30  Zergling x2  
  118  13:37  Hydralisk x3  
  118  13:40  Hydralisk  
  114  13:43  Hydralisk  
  114  13:44  Zergling x4  
  118  13:55  Hydralisk x2  
  119  14:06  Hydralisk x4  
  129  14:19  Hatchery  
  124  14:25  Hatchery  
  123  14:34  Lurker Den  
  122  14:43  Baneling x3  
  122  14:47  Drone x3  
  122  14:48  Drone  
  126  14:58  Zergling x12  
  126  14:59  Zergling x10  
  137  15:04  Overlord  
  137  15:05  Overseer  
  137  15:11  Zergling x8  
  139  15:18  Overseer, Pneumatized Carapace  
  139  15:25  Zerg Missile Weapons Level 2  
  139  15:28  Baneling x5  
  139  15:30  Drone x2  
  139  15:31  Drone x3  
  144  15:47  Baneling  
  143  15:52  Zergling x24  
  155  16:05  Spine Crawler, Lurker x11  
  155  16:07  Spine Crawler  
  155  16:08  Spine Crawler, Lurker x2  
  155  16:09  Lurker  
  165  16:21  Spine Crawler  
  165  16:22  Spine Crawler  
  165  16:24  Baneling  
  163  16:30  Baneling x8  
  163  16:32  Hydralisk x5  
  173  16:54  Hydralisk x9  
  187  17:03  Hydralisk x2  
  187  17:06  Hydralisk  
  187  17:13  Hydralisk  
  184  17:21  Zergling x24  
  189  17:27  Zergling x6  
Show
View Real Time Build Order
Export as new Build Order

Zest Protoss 

Build Orders: 1 Gate Expand, Oracle Opening, Phoenix Opening, Zealot Archon, Archon Drop 

Get SALT Encoding   

  12  0:00  Probe  
  13  0:13  Probe  
  14  0:18  Pylon  
  14  0:24  Probe  
  15  0:32  Probe  
  15  0:40  Gateway, Probe  
  16  0:46  Assimilator  
  17  0:51  Probe  
  18  1:03  Probe  
  19  1:15  Probe  
  20  1:23  Nexus  
  20  1:33  Cybernetics Core  
  20  1:37  Probe  
  21  1:43  Assimilator  
  21  1:49  Probe  
  21  1:52  Pylon  
  22  2:01  Adept, Probe  
  23  2:14  Stargate  
  25  2:16  Probe  
  25  2:22  Stalker  
  26  2:23  Warp Gate  
  26  2:28  Probe  
  27  2:36  Probe  
  30  2:40  Probe  
  31  2:48  Probe  
  31  2:51  Phoenix  
  32  2:52  Probe  
  33  3:00  Probe  
  33  3:04  Probe  
  37  3:07  Oracle  
  37  3:10  Pylon  
  37  3:12  Probe  
  38  3:16  Probe  
  42  3:24  Probe  
  43  3:28  Assimilator, Probe  
  43  3:30  Assimilator  
  44  3:34  Probe  
  44  3:38  Robotics Facility  
  44  3:40  Probe  
  46  3:42  Probe  
  46  3:45  Pylon  
  47  3:51  Probe  
  47  3:53  Probe  
  49  3:56  Twilight Council  
  49  4:03  Probe  
  49  4:05  Probe  
  51  4:13  Charge  
  51  4:15  Gateway x2, Probe, Warp Prism  
  51  4:16  Gateway  
  52  4:30  Probe x2  
  56  4:34  Templar Archives  
  56  4:45  Gateway  
  56  4:46  Gateway  
  56  4:52  Pylon  
  56  5:03  Nexus  
  56  5:06  Pylon  
  56  5:18  High Templar x4  
  64  5:22  Archon x2  
  64  5:24  Probe x2  
  64  5:27  Observer  
  67  5:31  Shield Battery  
  67  5:34  Pylon  
  67  5:45  Pylon  
  67  5:48  Zealot  
  69  5:56  Zealot x2, Pylon  
  69  5:57  Zealot x2  
  77  6:08  Gateway  
  77  6:09  Gateway  
  77  6:11  Gateway  
  77  6:12  Zealot x2  
  77  6:13  Gateway  
  77  6:15  Shield Battery  
  77  6:18  Zealot  
  81  6:19  Zealot  
  83  6:26  High Templar x2  
  83  6:31  Archon, Pylon  
  87  6:32  Zealot  
  87  6:33  Zealot  
  89  6:42  Observer  
  89  6:52  Robotics Facility  
  89  6:55  Probe x3  
  92  7:03  Gateway  
  92  7:04  Pylon  
  92  7:07  Probe x2  
  92  7:08  Probe  
  95  7:09  High Templar x4  
  103  7:20  Archon x2  
  103  7:27  Pylon x2  
  103  7:28  Warp Prism  
  105  7:47  Zealot x10  
  125  7:59  Probe x3  
  128  8:15  Zealot x6  
  100  8:27  Psionic Storm  
  96  8:34  Zealot  
  96  8:35  Zealot x10  
  103  8:43  Warp Prism  
  103  8:46  Observer  
  75  8:55  High Templar  
  75  8:56  High Templar x6, Zealot  
  75  8:57  Zealot x3  
  75  8:58  Probe x2  
  99  9:08  Immortal  
  99  9:17  Zealot x4  
  111  9:28  Zealot  
  111  9:30  Probe x3  
  114  9:35  Assimilator x2  
  114  9:39  Immortal  
  114  9:43  High Templar x2  
  118  9:46  Zealot x2  
  118  9:47  Zealot x3  
  118  9:48  Archon  
  131  10:06  Forge  
  131  10:10  Zealot x4  
  131  10:13  Pylon  
  139  10:15  Zealot  
  141  10:21  Protoss Ground Weapons Level 1, Pylon  
  141  10:23  Pylon  
  141  10:25  Pylon  
  141  10:27  Nexus  
  135  10:42  Zealot x6  
  141  11:02  Zealot x6  
  123  11:16  Immortal  
  123  11:17  Zealot x4  
  109  11:32  High Templar x5  
  117  11:34  High Templar  
  117  11:38  Archon x2  
  123  11:40  Archon  
  123  11:41  Photon Cannon  
  123  11:42  High Templar x4  
  123  11:45  Immortal  
  131  11:48  Archon x2  
  131  11:51  Photon Cannon  
  133  12:02  Photon Cannon  
  133  12:05  Zealot x4  
  141  12:09  Zealot  
  141  12:12  Zealot  
  145  12:18  Zealot x2  
  138  12:30  Zealot x4  
  142  12:41  Zealot x4  
  138  12:48  Zealot  
  138  12:49  Zealot  
  136  12:56  Zealot x2  
  136  12:57  Zealot  
  100  13:19  Zealot x7  
  74  13:54  High Templar x10  
  88  14:05  Nexus  
  70  14:26  Observer  
  70  14:27  High Templar x4  
  70  14:28  Zealot x6  
  70  14:29  Protoss Ground Weapons Level 2  
  70  14:30  Probe x3  
  92  14:32  Archon x2  
  92  14:39  Pylon  
  92  14:41  Immortal  
  96  14:54  High Templar x2  
  96  14:58  Probe x3  
  103  15:01  Archon  
  103  15:08  Observer  
  103  15:10  Probe  
  103  15:13  Observer  
  100  15:15  Photon Cannon  
  100  15:20  Probe x3  
  104  15:21  Assimilator  
  104  15:24  Assimilator  
  104  15:38  Immortal  
  104  15:39  Pylon  
  106  15:51  Probe x2  
  106  15:56  Stargate  
  108  15:57  Fleet Beacon  
  104  16:06  Observer  
  103  16:13  Observer  
  103  16:17  Photon Cannon  
  103  16:19  Photon Cannon, Shield Battery, Oracle  
  103  16:20  Shield Battery  
  103  16:22  High Templar x4  
  103  16:23  Zealot x6  
  124  16:26  Immortal  
  131  16:40  Photon Cannon  
  123  17:01  Archon  
  119  17:08  Zealot x6  
  119  17:09  Zealot x4  
  135  17:17  Archon  
  103  17:33  Zealot x7  
  105  17:42  Archon  
Tags
 
Add a new tag
Caveats
  • Supply blocks, unpowered buildings, or Contaminate may cause inaccurate times.
  • Supply counts are checked every 10 seconds.